 Dungeon Crawl Stone Soup version 0.24-a0-434-gd57e52fea8 (webtiles) character file.

Game seed: 11877464099548673097

13642 PeterLawrence the Cleaver (level 11, -1/102 HPs)
             Began as a Minotaur Fighter on June 15, 2019.
             Was a Priest of Okawaru.
             Slain by a frost giant
             ... wielding a +0 battleaxe of freezing
              (25 damage)
             ... on level 11 of the Dungeon.
             The game lasted 00:17:41 (10638 turns).

PeterLawrence the Cleaver (Minotaur Fighter)       Turns: 10638, Time: 00:17:41

Health: -1/102     AC: 16    Str: 28      XL:     11   Next: 78%
Magic:  14/14      EV:  9    Int:  5      God:    Okawaru [***...]
Gold:   202        SH: 13    Dex: 10 (11) Spells: 10/10 levels left

rFire    . . .     SeeInvis .   a - +1 war axe
rCold    + . .     Gourm    .   c - +0 shield
rNeg     . . .     Faith    .   s - +0 chain mail
rPois    +         Spirit   .   (helmet restricted)
rElec    .         Reflect  +   y - +0 cloak
rCorr    +         Harm     .   v - +0 pair of gloves
MR       .....                  x - +1 pair of boots
Stlth    ..........             z - +2 amulet of reflection
HPRegen  0.27/turn              g - ring "Duog" {rCorr Str+3}
MPRegen  0.14/turn              H - ring "Ytairats" {rPois rC+ Str+2}

@: no status effects
A: retaliatory headbutt, horns 2
a: Heroism, Renounce Religion


You were on level 11 of the Dungeon.
You worshipped Okawaru.
Okawaru was most pleased with you.
You were not hungry.

You visited 2 branches of the dungeon, and saw 12 of its levels.

You collected 650 gold pieces.
You spent 448 gold pieces at shops.

Inventory:

Hand Weapons
 a - a +1 war axe (weapon)
 n - a +2 mace of crushing
Armour
 c - a +0 shield (worn)
 s - a +0 chain mail (worn)
 v - a +0 pair of gloves (worn)
 x - a +1 pair of boots (worn)
 y - a +0 cloak (worn)
 G - a +0 plate armour
Jewellery
 g - the ring "Duog" (left hand) {rCorr Str+3}
   (You found it on level 5 of the Dungeon)

   [ring of resist corrosion]

   It affects your strength (+3).
   It provides partial protection from all sources of acid and corrosion.
 m - an uncursed ring of flight
 z - a +2 amulet of reflection (around neck)
 H - the ring "Ytairats" (right hand) {rPois rC+ Str+2}
   (You found it on level 8 of the Dungeon)

   [ring of strength]

   It affects your strength (+2).
   It protects you from cold.
   It protects you from poison.
Wands
 b - a wand of digging (4)
 j - a wand of iceblast (7)
 q - a wand of disintegration (33)
 B - a wand of flame (38)
 E - a wand of paralysis (16)
 J - a wand of enslavement (10)
Scrolls
 l - 3 scrolls of remove curse
 t - a scroll of enchant weapon
 u - 4 scrolls of enchant armour
 A - 7 scrolls of identify
 C - 2 scrolls of torment {unknown}
 D - 2 scrolls of teleportation {unknown}
Potions
 d - a potion of might
 e - a potion of ambrosia
 h - 2 potions of curing {unknown}
 i - 6 potions of heal wounds {unknown}
 k - 4 potions of flight
 o - a potion of berserk rage
 p - 3 potions of resistance {unknown}
 r - 2 potions of brilliance {unknown}
 w - a potion of agility
Comestibles
 f - 13 rations
 F - 2 chunks of flesh


   Skills:
 - Level 11.5 Fighting
 - Level 14.1 Axes
 + Level 8.2 Armour
 - Level 5.5 Dodging
 - Level 7.8 Shields
 - Level 5.8 Invocations


You had 10 spell levels left.
You didn't know any spells.
Your spell library contained the following spells:

 Spells                   Type           Power        Failure   Level  Hunger
 Magic Dart               Conj           #...         99%         1    ##.....
 Blink                    Tloc           N/A          100%        2    ###....
 Call Imp                 Summ           #.......     100%        2    ###....
 Slow                     Hex            #.......     100%        2    ###....
 Conjure Flame            Conj/Fire      #.......     100%        3    ####...
 Mephitic Cloud           Conj/Pois/Air  #.......     100%        3    ####...


Dungeon Overview and Level Annotations

Branches:
Dungeon (12/15)            Temple (1/1) D:4
   Lair: D:8-11         Orc: D:9-12

Altars:
Ashenzari
Cheibriados
Dithmenos
Elyvilon
Fedhas
Gozag
Hepliaklqana
Kikubaaqudgha
Makhleb
Nemelex Xobeh
Okawaru
Qazlal
Ru
Sif Muna
Trog
Uskayaw
Vehumet
Wu Jian
Xom
Yredelemnul
Zin
The Shining One

Shops:
D:6 *(?=}


Innate Abilities, Weirdness & Mutations

You reflexively headbutt those who attack you in melee.
You have a pair of horns on your head.


Message History

You hear a shout!
You hear a shout!
The frost giant gestures at you while chanting.
The bolt of cold hits you!! You resist.
* * * LOW HITPOINT WARNING * * *
A shadow comes into view.
A yaktaur captain comes into view.
The frost giant hits you but does no damage.
A moth of wrath comes into view.
You barely miss the frost giant. You headbutt the frost giant!
The frost giant is lightly wounded.
You block the frost giant's attack.
You slash the frost giant!
You headbutt the frost giant, but do no damage.
The frost giant is lightly wounded.
The moth of wrath changes into a lindwurm!
A centaur warrior comes into view.
You slash the frost giant! You headbutt the frost giant!
The frost giant is moderately wounded.
The frost giant hits you with a +0 battleaxe of freezing!!
You die...

........######### #)# #
#...).......# #.# #
##...#######.# #.# #
#..(.#######.#####.# #
###.8†###........†...# #
#(......#####........####
#..#.....#..# #............
.##.#...#.##..###..........
#.#.#.#.#@# #..###....####
...........CW....8#....# #
.###.#.#.###.#....###### #
#.##.##. !.# .. # #.. # #c#
# #. #c# k.. #.


You could see a frost giant, a yaktaur captain, a centaur warrior, a lindwurm
shaped shifter and a shadow.

Vanquished Creatures
  Harold (D:9)
  A centaur warrior (D:8)
  Erolcha (D:9)
  Erica (D:9)
  2 two-headed ogres
  Pikel (D:5)
  The ghost of Eptagon the Insei, a novice OpFi of Cheibriados (D:4)
  4 oklob plants (D:8)
  A cyclops (D:8)
  Psyche (D:9)
  An efreet (D:11)
  A hornet (D:11)
  3 hippogriffs
  A wyvern (D:7)
  The ghost of KristoblXynda the Chopper, an amateur DrGl (D:3)
  3 yaks (D:11)
  Menkaure (D:6)
  A vampire mosquito (D:8)
  The ghost of Cynry the Gusty, an amateur TeAE of Xom (D:3)
  2 water moccasins
  A floating eye (D:8)
  4 orc warriors
  An ice beast (D:6)
  3 phantoms
  A slave (D:5)
  A necrophage (D:9)
  6 ogres
  4 centaurs
  A crocodile (D:12)
  3 big kobolds
  4 bullfrogs
  2 wyvern zombies
  3 scorpions
  3 wights (D:8)
  2 bullfrog zombies
  4 crimson imps
  4 centaur zombies
  2 quasits
  9 hounds
  5 jellies
  5 orc priests
  The ghost of Stiffzip the Vexing, a weakling SpWn (D:3)
  A gnoll shaman (D:4)
  A centaur skeleton (D:4)
  6 orc wizards
  3 iguanas
  10 worker ants
  A hound zombie (D:9)
  2 worker ant zombies
  9 adders
  4 gnolls (D:4)
  3 shadow imps
  2 adder zombies (D:9)
  3 worms
  A dart slug (D:3)
  3 leopard geckos
  34 orcs
  4 giant cockroaches
  3 goblins
  8 hobgoblins
  13 jackals
  3 quokkas
  A ball python (D:4)
  6 bats
  4 frilled lizards
  A jackal zombie (D:5)
  12 kobolds
  2 leopard gecko skeletons
  2 quokka skeletons
  3 rats
  A plant (D:8)
244 creatures vanquished.

Notes
Turn   | Place    | Note
-------+----------+-------------------------------------------
     0 | D:1      | PeterLawrence the Minotaur Fighter began the quest for the
                  | Orb.
     0 | D:1      | Reached XP level 1. HP: 19/19 MP: 0/0
   292 | D:1      | Reached XP level 2. HP: 26/27 MP: 1/1
   929 | D:2      | Reached skill level 3 in Axes
  1105 | D:2      | Reached XP level 3. HP: 30/33 MP: 2/2
  1142 | D:2      | Found a faded altar of an unknown god.
  1145 | D:2      | Found a glowing silver altar of Zin.
  1147 | D:2      | Found a shadowy altar of Dithmenos.
  1654 | D:2      | Found a hide-covered altar of Uskayaw.
  1718 | D:3      | Noticed a centaur
  1723 | D:3      | Killed a centaur
  1723 | D:3      | Reached skill level 4 in Axes
  1723 | D:3      | Reached skill level 1 in Dodging
  1723 | D:3      | Reached XP level 4. HP: 28/41 MP: 3/3
  1723 | D:3      | Reached XP level 5. HP: 32/47 MP: 4/4
  1847 | D:3      | Found a blossoming altar of Fedhas.
  1917 | D:3      | Found a runed translucent gate.
  1917 | D:3      | Found a runed translucent gate.
  1917 | D:3      | Found a runed translucent gate.
  1917 | D:3      | Noticed KristoblXynda's ghost (amateur DrGl)
  1917 | D:3      | Noticed Stiffzip's ghost (weakling SpWn)
  1917 | D:3      | Noticed Cynry's ghost (amateur TeAE)
  1937 | D:3      | Killed KristoblXynda's ghost
  1937 | D:3      | Reached skill level 6 in Axes
  1937 | D:3      | Reached XP level 6. HP: 9/53 MP: 5/5
  1941 | D:3      | Killed Cynry's ghost
  1941 | D:3      | Reached skill level 7 in Axes
  2439 | D:3      | Killed Stiffzip's ghost
  2800 | D:4      | Found a runed translucent door.
  2811 | D:4      | Reached skill level 8 in Axes
  2811 | D:4      | Reached XP level 7. HP: 47/60 MP: 6/6
  2983 | D:4      | Noticed Eptagon's ghost (novice OpFi)
  3001 | D:4      | Killed Eptagon's ghost
  3001 | D:4      | Reached skill level 10 in Axes
  3001 | D:4      | Reached XP level 8. HP: 60/67 MP: 7/7
  3045 | D:4      | Reached skill level 5 in Fighting
  3650 | D:4      | Found a glowing golden altar of the Shining One.
  3650 | D:4      | Found a sacrificial altar of Ru.
  3655 | D:4      | Found a snail-covered altar of Cheibriados.
  4377 | D:4      | Found a staircase to the Ecumenical Temple.
  4383 | Temple   | Entered the Ecumenical Temple
  4607 | D:5      | Entered Level 5 of the Dungeon
  4794 | D:5      | Got a fine gossamer ring
  4795 | D:5      | Identified the ring "Duog" {rCorr Str+3} (You found it on
                  | level 5 of the Dungeon)
  4934 | D:5      | Reached XP level 9. HP: 24/85 MP: 8/8
  5246 | D:5      | Reached skill level 10 in Fighting
  5551 | D:5      | Noticed Pikel
  5564 | D:5      | Killed Pikel
  5815 | D:6      | Found Couc Qoj's Gadget Shoppe.
  5822 | D:6      | Noticed Menkaure
  5828 | D:6      | Killed Menkaure
  6198 | D:6      | Reached skill level 5 in Armour
  6234 | D:6      | Found Cawkanute's Jewellery Shoppe.
  6237 | D:6      | Bought a +2 amulet of reflection for 105 gold pieces
  6276 | D:6      | Found Exzifius's Weapon Shoppe.
  6280 | D:6      | Found Tuloimih's Magic Scroll Boutique.
  6310 | D:6      | Bought a scroll of enchant armour for 90 gold pieces
  6310 | D:6      | Bought a scroll of identify for 24 gold pieces
  6310 | D:6      | Bought a scroll of identify for 24 gold pieces
  6310 | D:6      | Bought a scroll of identify for 24 gold pieces
  6310 | D:6      | Bought 3 scrolls of identify for 72 gold pieces
  6310 | D:6      | Bought a scroll of enchant armour for 90 gold pieces
  6531 | D:6      | Found Geis's Assorted Antiques.
  6556 | D:6      | Bought a scroll labeled OHUVYHAELA for 19 gold pieces
  7021 | D:7      | Found an opulent altar of Gozag.
  7187 | D:7      | Noticed a two-headed ogre
  7199 | D:7      | Killed a two-headed ogre
  7199 | D:7      | Reached skill level 5 in Dodging
  7199 | D:7      | Reached XP level 10. HP: 66/96 MP: 9/9
  7594 | D:7      | Reached skill level 5 in Shields
  7609 | D:7      | You fall into a shaft and drop 2 floors!
  7610 | D:9      | Noticed Psyche
  7619 | D:9      | Killed Psyche
  7759 | D:7      | Found an iron altar of Okawaru.
  7772 | D:7      | Became a worshipper of Warmaster Okawaru
  8151 | D:8      | Found an ornate altar of the Wu Jian Council.
  8296 | D:8      | Reached skill level 1 in Invocations
  8394 | D:8      | Noticed an oklob plant
  8411 | D:8      | Paralysed by a floating eye for 4 turns
  8418 | D:8      | Noticed an oklob plant
  8418 | D:8      | Paralysed by a floating eye for 3 turns
  8550 | D:8      | Found a radiant altar of Vehumet.
  8630 | D:8      | Reached * piety under Okawaru
  8678 | D:8      | Noticed a centaur warrior
  8678 | D:8      | Noticed a two-headed ogre
  8687 | D:8      | Noticed a cyclops
  8688 | D:8      | Killed a centaur warrior
  8688 | D:8      | Reached skill level 5 in Invocations
  8702 | D:8      | Killed a two-headed ogre
  8708 | D:8      | Killed a cyclops
  8708 | D:8      | Reached ** piety under Okawaru
  8708 | D:8      | Reached skill level 11 in Axes
  8708 | D:8      | Reached XP level 11. HP: 33/102 MP: 11/14
  8715 | D:8      | Identified the cursed ring of the Jester {rPois Dex-2}
  8972 | D:8      | Got a translucent tin ring
  8975 | D:8      | Got a bound jade ring
  8984 | D:8      | Got a crude steel amulet
  9136 | D:8      | Noticed an oklob plant
  9138 | D:8      | Noticed an oklob plant
  9139 | D:8      | Paralysed by a floating eye for 2 turns
  9147 | D:8      | Paralysed by a floating eye for 4 turns
  9151 | D:8      | Killed an oklob plant
  9154 | D:8      | Paralysed by a floating eye for 2 turns
  9417 | D:8      | Paralysed by a floating eye for 4 turns
  9424 | D:8      | Paralysed by a floating eye for 3 turns
  9435 | D:8      | Killed an oklob plant
  9437 | D:8      | Paralysed by a floating eye for 3 turns
  9444 | D:8      | Paralysed by a floating eye for 3 turns
  9721 | D:8      | Killed an oklob plant
  9721 | D:8      | Reached skill level 12 in Axes
  9735 | D:8      | Killed an oklob plant
  9757 | D:8      | Identified the ring "Raner" {rF++ rC+ Int+4 Dex-4 Stlth+}
                  | (You found it on level 8 of the Dungeon)
  9759 | D:8      | Identified the ring "Ytairats" {rPois rC+ Str+2} (You found
                  | it on level 8 of the Dungeon)
  9760 | D:8      | Identified the amulet "Epumn" {Faith rPois rC++ Dex+3
                  | Slay-3} (You found it on level 8 of the Dungeon)
  9809 | D:9      | Noticed Erica
  9819 | D:9      | Paralysed by something for 6 turns
  9830 | D:9      | Paralysed by something for 2 turns
  9846 | D:9      | Killed Erica
 10040 | D:9      | Noticed Harold
 10057 | D:9      | Killed Harold
 10057 | D:9      | Reached skill level 13 in Axes
 10120 | D:9      | Noticed Erolcha
 10127 | D:9      | Killed Erolcha
 10255 | D:9      | Reached skill level 14 in Axes
 10366 | D:9      | You fall into a shaft and drop 3 floors!
 10520 | D:11     | Reached *** piety under Okawaru
 10631 | D:11     | Noticed a frost giant
 10635 | D:11     | Noticed a yaktaur captain
 10637 | D:11     | Noticed a lindwurm
 10637 | D:11     | a moth of wrath changed into a lindwurm
 10637 | D:11     | Noticed a centaur warrior
 10638 | D:11     | Slain by a frost giant

Levels and vault maps discovered:
D:1:      onia_arrival_mini_maze_b, layout_loops_corners, dk_noncrumbling_3
D:2:      layout_loops_ring, lemuel_coloured_pillars_altar,
          chequers_temple_overflow_statue_of_worship,
          chequers_ecumenical_altar_simple_redux
D:3:      layout_basic, gammafunk_ghost_cemetery, fedhas_altar_3
D:4:      layout_basic, grunt_temple_overflow_open, minmay_temple_entry_fiery,
          ebering_ghost_sewer_d
D:5:      layout_rooms, first_ration, nicolae_zen_rock_garden, uniq_pikel
D:6:      layout_basic, serial_shops, shop, nicolae_shop_stone, kennysheep_mini,
          nicolae_shop_stone, shop_fountains, uniq_menkaure
D:7:      layout_loops_corners, okawaru_gym_becter, overflow_temple_1_default
D:8:      minmay_the_grid_triangle_9x9_rhombus_thin
          [minmay_the_grid_triangle_9x9_checkered,
          minmay_the_grid_triangle_9x9_prize_special,
          minmay_the_grid_triangle_9x9_corrupted_corridor,
          minmay_the_grid_triangle_9x9_corruption], layout_cave_pools,
          lemuel_round_altar, basic_altar, blue_anna_alchemist
          [blue_anna_fruit_fields, blue_anna_fruit_fields], disabler_island
D:9:      layout_long_grid, hangedman_incinerator, uniq_harold, uniq_psyche,
          uniq_erica, uniq_erolcha
D:11:     minmay_complete_graph, layout_loops_ring, erik_orc_1, enter_trove_6,
          serial_shops, nicolae_shop_behind_doors
D:12:     layout_gridville
Temple:   nicolae_temple_figure_eight

Skill      XL: |  1  2  3  4  5  6  7  8  9 10 11 |
---------------+----------------------------------+-----
Fighting       | 4 9 11 | 11.5
Axes           | 3 4 6 8 10 11 14 | 14.1
Armour         | 4 6 8 |  8.2
Shields        | 4 7 |  7.8
Dodging        | 1 5 |  5.5
Invocations    | 5 |  5.8

Action                   |  1- 3 |  4- 6 |  7- 9 | 10-12 || total
-------------------------+-------+-------+-------+-------++-------
Melee: War axe           |    93 |    43 |   249 |   345 ||   730
       Headbutt          |    10 |     6 |    55 |    83 ||   154
Invok: Heroism           |       |       |       |     2 ||     2
  Use: Potion            |       |     3 |     1 |     2 ||     6
       Scroll            |       |     3 |     7 |       ||    10
  Eat: Chunk             |     2 |     1 |     7 |     8 ||    18
       Ration            |       |     1 |     2 |     1 ||     4
Armor: Scale mail        |    44 |    11 |    76 |    14 ||   145
       Chain mail        |       |       |       |    87 ||    87
Dodge: Dodged            |    26 |     9 |    76 |    75 ||   186
Block: Shield            |    56 |    21 |   112 |   164 ||   353
       Reflection        |       |       |       |     6 ||     6

Table legend:
 A = Non-vault XP
 B = Vault XP
 C = Vault XP percentage of total XP
 D = Non-vault monster count
 E = Vault monster count
 F = Vault count percentage of total count
                 A         B        C        D         E       F
            +---------+---------+-------+---------+---------+-------
      Total |    8698 |   10791 |  55.4 |     211 |      31 |  12.8
            +---------+---------+-------+---------+---------+-------
        D:1 |      17 |       0 |   0.0 |      11 |       0 |   0.0
        D:2 |      78 |       0 |   0.0 |      29 |       0 |   0.0
        D:3 |     174 |     386 |  68.9 |      12 |       3 |  20.0
        D:4 |     914 |     638 |  41.1 |      32 |       3 |   8.6
        D:5 |     843 |     593 |  41.3 |      20 |       1 |   4.8
        D:6 |     751 |     183 |  19.6 |      20 |       1 |   4.8
        D:7 |    1862 |       0 |   0.0 |      14 |       0 |   0.0
        D:8 |    1531 |    5277 |  77.5 |      32 |      16 |  33.3
        D:9 |    1161 |    3273 |  73.8 |      28 |       4 |  12.5
       D:11 |     985 |     441 |  30.9 |       7 |       3 |  30.0
       D:12 |     382 |       0 |   0.0 |       6 |       0 |   0.0
            +---------+---------+-------+---------+---------+-------
